 Dungeon Crawl Stone Soup version 0.31-a0-222-gefeffbb62a (webtiles) character file.

Game seed: 5821003278796218335

217 BritishOli the Trooper (level 5, -4/43 HPs)
             Began as a Demonspawn Fighter on July 5, 2023.
             Slain by a gnoll bouda
             ... wielding a +0 club
              (9 damage)
             ... on level 4 of the Dungeon.
             The game lasted 00:03:59 (2267 turns).

BritishOli the Trooper (Demonspawn Fighter)         Turns: 2267, Time: 00:03:59

Health: -4/43      AC:  8    Str: 18    XL:     5   Next: 61%
Magic:  5/5        EV:  9    Int:  9    God:
Gold:   90         SH:  4    Dex: 13    Spells: 4/4 levels left

rFire   . . .        a - +0 war axe
rCold   . . .        c - +0 buckler
rNeg    . . .        b - +0 scale mail
rPois   .            (no helmet)
rElec   .            (no cloak)
rCorr   .            (no gloves)
SInv    .            (no boots)
Will    .....        (no amulet) Stlth
                     (no ring)
HPRegen 0.27/turn    (no ring)
MPRegen 0.09/turn

%: no passive effects
@: no status effects
A: molten scales 1, demonic guardian 1
a: no special abilities


You were on level 4 of the Dungeon.
You visited 1 branch of the dungeon, and saw 4 of its levels.

You collected 90 gold pieces.

Inventory:

Hand Weapons
 a - a +0 war axe (weapon)
Armour
 b - a +0 scale mail (worn)
 c - a +0 buckler (worn)
Jewellery
 s - a ring of positive energy
Wands
 k - a wand of quicksilver (7)
 p - a wand of flame (16)
Scrolls
 e - 2 scrolls of identify {unknown}
 g - 2 scrolls of vulnerability {unknown}
 i - a scroll of noise {unknown}
 j - a scroll of fear {unknown}
 m - a scroll of teleportation {unknown}
 o - a scroll of fog {unknown}
 r - a scroll of torment {unknown}
Potions
 d - 2 potions of might
 f - 4 potions of heal wounds {unknown}
 h - a potion of attraction {unknown}
 l - a potion of brilliance {unknown}
 n - a potion of haste {unknown}
 q - a potion of ambrosia {unknown}


   Skills:
 + Level 4.7 Fighting
 + Level 3.7 Axes
 - Level 3.0 Armour
 - Level 3.0 Shields


You had 4 spell levels left.
You didn't know any spells.
Your spell library contained the following spells:

 Spells                   Type           Power      Damage    Failure   Level
 Sting                    Tmut/Pois      0%         1d3       85%         1
 Poisonous Vapours        Pois/Air       0%         N/A       94%         2
 Olgreb's Toxic Radiance  Pois           0%         N/A       100%        4


Dungeon Overview and Level Annotations

Branches:
Dungeon (4/15)
 Temple: D:4-7

Altars:
Qazlal
Xom

Shops:
D:1 (


Innate Abilities, Weirdness & Mutations

You are partially covered in molten scales. (AC +2)
A weak demonic guardian rushes to your aid.


Message History

You barely miss the gnoll.
The gnoll is severely wounded.
You hit the gnoll. You hit the hound but do no damage.
You hit the gnoll bouda but do no damage.
You hit the gnoll but do no damage.
Your attacks no longer feel as feeble.
The hound barely misses you.
The gnoll hits you from afar with a +0 spear.
A demonic guardian appears!
The gnoll hits you but does no damage.
The gnoll barely misses you. x2; The gnoll bouda barely misses you.
You block the hound's attack. The gnoll hits you with a +0 club.
You block the gnoll's attack. The gnoll closely misses you.
The gnoll barely misses you. The hound bites you.
The gnoll hits you from afar with a +0 spear.
The gnoll bouda barely misses you.
You are too injured to fight recklessly!
Okay, then.
Okay, then.
There are monsters nearby!
Okay, then.
You closely miss the gnoll.
The gnoll is severely wounded.
You slash the gnoll! You slash the hound! You hit the gnoll bouda.
You hit the gnoll but do no damage. The hound bites you.
The gnoll hits you but does no damage. The gnoll barely misses you. x3
You block the gnoll's attack.
The gnoll bouda hits you but does no damage.
The hound barely misses you.
You slash the gnoll!
You kill the gnoll!
You barely miss the hound.
You hit the gnoll bouda but do no damage.
You completely miss the gnoll. You closely miss the gnoll.
The gnoll barely misses you. The hound bites you.
* * * LOW HITPOINT WARNING * * *
The gnoll hits you from afar with a +0 spear.
* * * LOW HITPOINT WARNING * * *
You block the gnoll's attack. x2
The gnoll bouda hits you with a +0 club!
You die...

#............##
#.≈≈≈≈≈≈≈≈≈...#
#.≈.......≈.#.## #
#)≈.###.#.≈.#..# #
#.≈.#...#.≈.##.### #
#.≈.#._.#.≈.##....
####.##.≈.#...#.≈.##.###
......g)≈.#.###.≈.+...<'
....#'g@≈5......≈....#.#
##....hg≈≈≈≈.≈≈≈≈.##.#+#
..#....g.g........#....§
#?.......#......##....
#..!.....#......#.....
#........#......#.....
#........#......#.....
#........#......#.....
#.....


You could see a gnoll bouda, a hound, 4 gnolls and a friendly quasit (summoned).

Vanquished Creatures
  Ijyb (D:3)
  Robin (D:2)
  A gnoll (D:4)
  9 adders
  3 worms
  2 dart slugs (D:3)
  An orc (D:3)
  10 ball pythons
  4 endoplasms
  3 giant cockroaches
  10 goblins
  9 hobgoblins
  3 jackals (D:1)
  8 kobolds
  4 quokkas
  5 bats
  6 frilled lizards
  5 rats
85 creatures vanquished.

Notes
Turn   | Place    | Note
-------+----------+-------------------------------------------
     0 | D:1      | BritishOli the Demonspawn Fighter began the quest for the
                  | Orb.
     0 | D:1      | Reached XP level 1. HP: 18/18 MP: 1/1
    25 | D:1      | You fall into a shaft and drop 1 floor!
   173 | D:2      | Gained mutation: You are partially covered in molten
                  | scales. (AC +2) [demonic ancestry]
   173 | D:2      | Reached XP level 2. HP: 24/24 MP: 2/2
   233 | D:2      | Reached XP level 3. HP: 29/29 MP: 3/3
   408 | D:2      | Noticed Robin
   417 | D:2      | Killed Robin
   418 | D:2      | Gained mutation: A weak demonic guardian rushes to your
                  | aid. [demonic ancestry]
   418 | D:2      | Reached XP level 4. HP: 26/37 MP: 4/4
   596 | D:2      | Reached skill level 4 in Fighting
   827 | D:2      | Found a faded altar of an unknown god.
  1459 | D:1      | Found Niuditsi's Weapon Boutique.
  1668 | D:3      | Reached XP level 5. HP: 43/43 MP: 5/5
  1678 | D:3      | Noticed Ijyb
  1687 | D:3      | Killed Ijyb
  2009 | D:3      | Found a shimmering altar of Xom.
  2241 | D:4      | Found a stormy altar of Qazlal.
  2267 | D:4      | Slain by a gnoll bouda

Illustrated notes

Levels and vault maps discovered:
D:1:      saegor_arrival_simple_e, layout_basic, serial_shops,
          nicolae_shop_back_alley_shop, minmay_split_cup_small
D:2:      minmay_chambers_of_ones, layout_loops_ring,
          dilly_ecumenical_altar_fadedgnrine, uniq_robin
D:3:      layout_loops_ring, mainiacjoe_overflow_concentric_impassable,
          chequers_serial_rivers_marsh, uniq_ijyb
D:4:      layout_basic, mainiacjoe_overflow_paths, mainiacjoe_overflow_brackets,
          amcnicky_mini_pool_small

Skill      XL: |  1  2  3  4 |
---------------+-------------+-----
Axes           | 2 3 |  3.7
Armour         | 3 |  3.0
Shields        | 3 |  3.0
Fighting       | 4 |  4.7

Action                     |  1- 3 |  4- 6 || total
---------------------------+-------+-------++-------
  Melee: War axe           |    71 |   167 ||   238
 Armour: Scale mail        |    39 |    95 ||   134
  Dodge: Dodged            |    28 |   104 ||   132
  Block: Buckler           |    17 |    53 ||    70

Table legend: (Time is in decaauts)
 A = Elapsed time spent in this place.
 B = Non-inter-level travel time spent in this place.
 C = Inter-level travel time spent in this place.
 D = Time resting spent in this place.
 E = Time spent auto-exploring this place.
 F = Levels seen in this place.
 G = Mean time per level.
                   A        B        C        D        E       F      G
               +--------+--------+--------+--------+--------+-----+--------+
         Total |   2362 |   2251 |    111 |     64 |   1647 |   4 |  590.5 |
       Dungeon |   2362 |   2251 |    111 |     64 |   1647 |   4 |  590.5 |
               +--------+--------+--------+--------+--------+-----+--------+

Top non-repeatable levels by time:
     D:2: 938 daAuts
     D:3: 786 daAuts
     D:1: 563 daAuts
     D:4: 74 daAuts
